 Seeded DCSS version 0.29-a0-11-ga75d3d97ab (webtiles) character file.

Game seed: 15814994978132999474 (custom seed)

104 wilfster70 the Slasher (level 5, -7/40 HPs)
             Began as a Djinni Fighter on Jan 28, 2022.
             Killed by divine providence
             ... invoked by an orc priest
              (13 damage)
             ... on level 3 of the Dungeon.
             The game lasted 00:03:57 (2244 turns).

wilfster70 the Slasher (Djinni Fighter)             Turns: 2244, Time: 00:03:57

Health: -7/40      AC:  6    Str: 15    XL:     5   Next: 7%
Gold:   151        EV:  8    Int: 11    God:
                   SH:  4    Dex: 13

rFire   + + .      SeeInvis .   a - +0 long sword
rCold   x . .      Faith    .   c - +0 buckler
rNeg    + . .      Spirit   .   b - +0 scale mail
rPois   ∞          Reflect  .   (no helmet)
rElec   .          Harm     .   (no cloak)
rCorr   .          Rampage  .   (no gloves)
Will    .....                   (boots unavailable)
Stlth   ..........              (no amulet)
HPRegen 0.13/turn               m - ring of positive energy
MPRegen 0.00/turn               (no ring)

@: flying
A: sickness immunity, fire resistance 2, cold vulnerability 1, float, innate
caster, hp casting, extra vitality 1
a: no special abilities


You were on level 3 of the Dungeon.
You visited 1 branch of the dungeon, and saw 3 of its levels.

You collected 151 gold pieces.

Inventory:

Hand Weapons
 a - a +0 long sword (weapon)
Armour
 b - a +0 scale mail (worn)
 c - a +0 buckler (worn)
 j - the +0 kite shield "Naneric" {Slay+3}
   (You found it on level 2 of the Dungeon)

   Slay:      It affects your accuracy & damage with ranged weapons and melee
   (+3).
Jewellery
 m - a ring of positive energy (left hand)
Scrolls
 f - 2 scrolls of enchant weapon {unknown}
 i - a scroll of immolation {unknown}
 k - a scroll of identify {unknown}
 l - a scroll of magic mapping {unknown}
Potions
 d - a potion of might
 e - a potion of brilliance {unknown}
 g - a potion of experience {unknown}
 h - 2 potions of curing {unknown}


   Skills:
 - Level 3.0 Fighting
 + Level 3.3 Long Blades
 - Level 3.0 Armour
 - Level 3.0 Shields
 + Level 2.1 Spellcasting


You had 5 spell levels left.
You knew the following spells:

 Your Spells              Type           Power      Damage    Failure   Level
a - Animate Skeleton      Necr           10%        N/A       52%         1
b - Wereblood             Tmut           5%         N/A       67%         2
Your spell library was empty.

Dungeon Overview and Level Annotations

Branches:
Dungeon (3/15)

Altars:

Shops:
D:2 [


Innate Abilities, Weirdness & Mutations

You are immune to sickness and miasma.
You are immune to poison.
Your flesh is very heat resistant. (rF++)
You are vulnerable to cold. (rC-)
You float through the air rather than walking.
You learn spells naturally, not from books.
Your magical power is your life essence.
You have superior vitality. (+4 MHP)


Message History

The orc priest is wielding a +1 vorpal hand axe.
The orc shouts! x2; The orc priest shouts!
An orc comes into view. It is wielding a +0 mace.
The orc priest mumbles some strange prayers to Beogh against you.
Pain shoots through your body!
Found 2 fizzy purple potions.
You see here 23 arrows.
You see here 23 arrows.
You hit the orc.
The orc is severely wounded.
You block the orc's attack.
You slash the orc!
You kill the orc!
You hit the orc priest.
The orc priest is moderately wounded.
The orc priest barely misses you.
You closely miss the orc priest.
The orc priest is moderately wounded.
The orc priest hits you with a +1 vorpal hand axe.
The orc priest invokes the aid of Beogh against you.
Beogh smites you!
* * * LOW HITPOINT WARNING * * *
The orc shouts!
You barely miss the orc priest.
The orc priest is moderately wounded.
You block the orc priest's attack.
You barely miss the orc priest.
The orc priest is moderately wounded.
You block the orc priest's attack.
You barely miss the orc priest.
The orc priest is moderately wounded.
The orc priest hits you with a +1 vorpal hand axe.
* * * LOW HITPOINT WARNING * * *
x2 The orc hits you with a +0 mace.
* * * LOW HITPOINT WARNING * * *
You slash the orc priest!
The orc priest is almost dead.
The orc priest mumbles some strange prayers to Beogh against you.
Beogh smites you!
You die...

## .#.# ########## #.
.... .........# ##
#..##########.####
#!.#..............
#..#.....####.##..
### #..#.....# #.#<..
.. #..#..:..# #.#...
#.##
#@o#.....####.#...
#..#
#oo###........#...
##.###..#
#....#####...
#..o....#
#............
#.#.....#
#..........#.
...#.....###....####
# ..o..#..(.......#.#
#
...o...#.....###..#.#
## .......#.....#
#..#.. ..


You could see an orc priest and 2 orcs.

Vanquished Creatures
  3 adders
  A worm (D:2)
  3 dart slugs
  3 orcs (D:3)
  4 bats
  4 endoplasms
  4 giant cockroaches
  5 goblins
  6 hobgoblins
  6 jackals (D:1)
  4 quokkas
  5 ball pythons
  3 frilled lizards
  4 kobolds
  4 rats
59 creatures vanquished.

Notes
Turn   | Place    | Note
-------+----------+-------------------------------------------
     0 | D:1      | wilfster70 the Djinni Fighter began the quest for the Orb.
     0 | D:1      | Reached XP level 1. HP: 20/20 MP: 0/0
   116 | D:1      | Reached XP level 2. HP: 25/25 MP: 0/0
   440 | D:1      | Reached skill level 1 in Spellcasting
   489 | D:1      | Reached XP level 3. HP: 27/30 MP: 0/0
   489 | D:1      | Learned a level 1 spell: Animate Skeleton
   892 | D:1      | Found a faded altar of an unknown god.
  1216 | D:2      | Reached XP level 4. HP: 32/35 MP: 0/0
  1318 | D:2      | Identified the +0 kite shield "Naneric" {Slay+3}
  1475 | D:2      | Found Seluut's Armour Shop.
  2122 | D:3      | Reached XP level 5. HP: 39/40 MP: 0/0
  2122 | D:3      | Learned a level 2 spell: Wereblood
  2244 | D:3      | Killed from afar by an orc priest

Illustrated notes

Levels and vault maps discovered:
D:1:      lightli_arrival_statue_moat, layout_basic,
          dilly_ecumenical_altar_fadedgnrine
D:2:      layout_basic, serial_shops, nicolae_shop_behind_doors, hex_tiny
D:3:      layout_basic, kennysheep_jessica_study

Skill      XL: |  1  2  3  4 |
---------------+-------------+-----
Long Blades    | 2 3 |  3.3
Spellcasting   | 1 2 |  2.1
Fighting       | |  3.0
Armour         | |  3.0
Shields        | |  3.0

Action                   |  1- 3 |  4- 6 || total
-------------------------+-------+-------++-------
Melee: Long sword        |    89 |    74 ||   163
Armor: Scale mail        |    41 |    28 ||    69
Dodge: Dodged            |    40 |    42 ||    82
Block: Buckler           |    22 |    24 ||    46

Table legend: (Time is in decaauts)
 A = Elapsed time spent in this place.
 B = Non-inter-level travel time spent in this place.
 C = Inter-level travel time spent in this place.
 D = Time resting spent in this place.
 E = Time spent auto-exploring this place.
 F = Levels seen in this place.
 G = Mean time per level.
                   A        B        C        D        E       F      G
               +--------+--------+--------+--------+--------+-----+--------+
         Total |   2292 |   2246 |     46 |    513 |    973 |   3 |  764.0 |
       Dungeon |   2292 |   2246 |     46 |    513 |    973 |   3 |  764.0 |
               +--------+--------+--------+--------+--------+-----+--------+

Top non-repeatable levels by time:
     D:1: 1210 daAuts
     D:2: 914 daAuts
     D:3: 167 daAuts
